 Dungeon Sprint DCSS version 0.22-a0-858-g985ef60 (webtiles) character file.

5900000 protoss039 the Conqueror (level 27, -24/273 HPs)
             Began as a Ghoul Warper on July 27, 2018.
             Was the Champion of Makhleb.
             Annihilated by a sculptor of flesh
             ... wielding a +9 great sword
              (186 damage)
             ... in the Dungeon (Sprint VIII: "Arena of Blood").
             The game lasted 00:04:35 (59 turns).

protoss039 the Conqueror (Ghoul Warper)               Turns: 59, Time: 00:04:36

Health: -24/273    AC:  6    Str: 19    XL:     27
Magic:  18/53      EV: 32    Int:  8    God:    Makhleb [******]
Gold:   0          SH:  0    Dex: 17    Spells: 80/80 levels left

rFire    . . .     SeeInvis +   b - +∞ Axe of Woe
rCold    + . .     Gourm    .   (shield currently unavailable)
rNeg     + + +     Faith    .   a - +0 leather armour
rPois    ∞         Spirit   .   (no helmet)
rElec    .         Reflect  .   (no cloak)
rCorr    .         Harm     .   (no gloves)
MR       ++...     NoTele   +   (no boots)
Stlth    +++++++++.             (no amulet)
HPRegen  0.00/turn              k - ring of see invisible
MPRegen  0.33/turn              (no ring)

@: rotting
A: rotting body, claws 1, carnivore, cold resistance 1, negative energy
resistance 3, inhibited regeneration, torment resistance, unbreathing
a: Minor Destruction, Lesser Servant of Makhleb, Major Destruction, Greater
Servant of Makhleb, Renounce Religion


You were in the Dungeon.
You worshipped Makhleb.
Makhleb was exalted by your worship.
You were not hungry.

You visited 1 branch

Inventory:

Hand Weapons
 b - the +∞ Axe of Woe (weapon)
   (You found it in the Dungeon)
Missiles
 d - 5 tomahawks of dispersal (quivered)
Armour
 a - a +0 leather armour (worn)
Jewellery
 k - a ring of see invisible (left claw)
Scrolls
 c - 2 scrolls of blinking
Potions
 e - a potion of curing
 g - a potion of heal wounds
 h - a potion of haste
 i - 2 potions of magic
 j - a potion of berserk rage
Comestibles
 f - a ration


   Skills:
 O Level 27 Fighting
 O Level 27 Axes
 O Level 27 Throwing
 O Level 27 Armour
 O Level 27 Dodging
 O Level 27 Stealth
 O Level 27 Unarmed Combat
 O Level 27 Spellcasting
   Level 2.6 Translocations
 O Level 27 Invocations


You had 80 spell levels left.
You didn't know any spells.
Your spell library contained the following spells:

 Spells                   Type           Power        Failure   Level  Hunger
 Teleport Other           Tloc           ###.....     3%          3    None
 Blink                    Tloc           N/A          1%          2    None
 Passage of Golubria      Tloc           N/A          10%         4    ##.....
 Shroud of Golubria       Chrm/Tloc      ##........   2%          2    None
 Gell's Gravitas          Tloc           ###.......   3%          3    None
 Lesser Beckoning         Tloc           ###.......   3%          3    None


Dungeon Overview and Level Annotations

Branches:
Dungeon (1/1)

Altars:
Makhleb


Innate Abilities, Weirdness & Mutations

Your body is rotting away.
You thrive on raw meat.
You are immune to poison.
You have sharp fingernails.
You are carnivorous and can eat meat at any time.
Your flesh is cold resistant. (rC+)
You are immune to negative energy. (rN+++)
You do not regenerate when monsters are visible.
You are immune to unholy pain and torment.
You can survive without breathing.


Message History

You hear a shout! x5
Unknown command.
Unknown command.
Unknown command. 4 orcs and a greater mummy come into view.
You hear a shout! x6
The sculptor of flesh hits you with a +9 great sword.
You hear a shout! x3
The bag of meat moves out of view.
Unknown command.
Unknown command.
An orc and a crawling corpse come into view.
You hear a shout! x3
The meat berserker hits you with a +9 battleaxe!!!
You hear a shout! x6
A bag of meat comes into view. It is wielding a +9 war axe.
You hear a shout! x3
The sculptor of flesh hits you with a +9 great sword!!!!!
Ouch! That really hurt!
You die...

################
......))x§§....##
......))§§§.......
....##.##§#####...
.......x§§§L......
#.....##.##.......
....%..z@........
..%%...#O#.......
....%..x))L..%..##
....%....)).......
........).)z.O....
........)).MXo....
......)))x...o...
..#...))).#..o...
#....)..#......


You could see an accursed, a tyrant, 2 sculptors of flesh, a large abomination,
a meat berserker (berserk), a small abomination, 3 bags of meat and a crawling
corpse.

Vanquished Creatures
  3 vampire knights (D)
  15 ogres (D)
  6 two-headed ogres (D)
  A hydra (D)
  30 orcs (D)
  2 skeletal warriors (D)
  A small abomination (D)
  2 large abominations (D)
  A crawling corpse (D)
61 creatures vanquished.

Vanquished Creatures (others)
  2 crawling corpses (D)
2 creatures vanquished.

Grand Total: 63 creatures vanquished

Notes
Turn   | Place    | Note
-------+----------+-------------------------------------------
     0 | D        | Found the +∞ Axe of Woe
     0 | D        | protoss039 the Ghoul Warper began the quest for the Orb.
     0 | D        | Reached XP level 1. HP: 17/17 MP: 2/2
     2 | D        | Noticed a meat berserker
     3 | D        | Killed a meat berserker
     3 | D        | Reached skill level 5 in Throwing
     3 | D        | Reached skill level 5 in Armour
     3 | D        | Reached skill level 15 in Spellcasting
     3 | D        | Reached XP level 2. HP: 50/50 MP: 2/17
     3 | D        | Reached XP level 3. HP: 57/57 MP: 2/19
     3 | D        | Reached XP level 4. HP: 64/64 MP: 2/20
     3 | D        | Reached XP level 5. HP: 72/72 MP: 2/22
     3 | D        | Reached XP level 6. HP: 80/80 MP: 2/23
     3 | D        | Reached XP level 7. HP: 86/86 MP: 2/25
     3 | D        | Reached XP level 8. HP: 94/94 MP: 2/26
     3 | D        | Reached XP level 9. HP: 101/101 MP: 2/27
     3 | D        | Reached XP level 10. HP: 110/110 MP: 2/28
     3 | D        | Reached XP level 11. HP: 116/116 MP: 2/29
     3 | D        | Reached XP level 12. HP: 124/124 MP: 2/30
     3 | D        | Reached XP level 13. HP: 130/130 MP: 2/31
     4 | D        | Noticed a bag of meat
     4 | D        | Noticed a meat berserker
     5 | D        | Became a worshipper of Makhleb the Destroyer
     6 | D        | Noticed a bag of meat
     9 | D        | Killed a bag of meat
     9 | D        | Reached skill level 15 in Dodging
     9 | D        | Reached XP level 14. HP: 95/143 MP: 3/33
     9 | D        | Noticed a bag of meat
    10 | D        | Noticed a bag of meat
    10 | D        | Noticed a bag of meat
    10 | D        | Noticed a bag of meat
    10 | D        | Noticed a meat berserker
    11 | D        | Noticed a bag of meat
    12 | D        | Killed a meat berserker
    12 | D        | Reached * piety under Makhleb
    12 | D        | Reached XP level 15. HP: 104/155 MP: 4/36
    12 | D        | Noticed a meat berserker
    13 | D        | Noticed a meat berserker
    13 | D        | Noticed a meat berserker
    14 | D        | Noticed a meat berserker
    15 | D        | Killed a meat berserker
    15 | D        | Reached XP level 16. HP: 100/167 MP: 5/39
    15 | D        | Reached ** piety under Makhleb
    15 | D        | Reached skill level 15 in Axes
    15 | D        | Noticed a meat berserker
    16 | D        | Killed a meat berserker
    16 | D        | Reached XP level 17. HP: 182/182 MP: 5/42
    17 | D        | Killed a meat berserker
    17 | D        | Reached *** piety under Makhleb
    17 | D        | Reached XP level 18. HP: 138/194 MP: 6/44
    17 | D        | Reached skill level 10 in Armour
    17 | D        | Reached skill level 15 in Invocations
    18 | D        | Killed a meat berserker
    18 | D        | Reached XP level 19. HP: 206/206 MP: 6/46
    18 | D        | Reached **** piety under Makhleb
    18 | D        | Reached skill level 27 in Fighting
    18 | D        | Reached skill level 10 in Throwing
    18 | D        | Noticed a large bag of meat
    18 | D        | Noticed a destroyer
    19 | D        | Killed a large bag of meat
    19 | D        | Killed a meat berserker
    19 | D        | Reached XP level 20. HP: 216/216 MP: 6/48
    19 | D        | Killed a meat berserker
    19 | D        | Reached skill level 27 in Axes
    19 | D        | Reached skill level 27 in Unarmed Combat
    19 | D        | Reached skill level 27 in Spellcasting
    19 | D        | Noticed a meat berserker
    19 | D        | Noticed a meat berserker
    19 | D        | Noticed a meat berserker
    20 | D        | Noticed a meat berserker
    20 | D        | Noticed a large bag of meat
    21 | D        | Reached ***** piety under Makhleb
    21 | D        | Reached skill level 27 in Invocations
    21 | D        | Reached XP level 21. HP: 224/224 MP: 7/51
    21 | D        | Killed a destroyer
    21 | D        | Reached skill level 27 in Dodging
    21 | D        | Reached XP level 22. HP: 233/233 MP: 7/52
    23 | D        | Noticed a large bag of meat
    23 | D        | Noticed a large bag of meat
    24 | D        | Reached skill level 27 in Armour
    24 | D        | Reached ****** piety under Makhleb
    24 | D        | Reached skill level 27 in Throwing
    24 | D        | Reached XP level 23. HP: 240/240 MP: 8/53
    25 | D        | Reached skill level 27 in Stealth
    25 | D        | Reached XP level 24. HP: 249/249 MP: 8/53
    25 | D        | Noticed a large bag of meat
    25 | D        | Noticed a large bag of meat
    26 | D        | Killed a large bag of meat
    26 | D        | Noticed a destroyer
    31 | D        | Reached XP level 25. HP: 257/257 MP: 10/53
    32 | D        | Noticed a destroyer
    40 | D        | Killed a destroyer
    42 | D        | Killed a destroyer
    42 | D        | Reached XP level 26. HP: 206/266 MP: 13/53
    44 | D        | Killed a large bag of meat
    45 | D        | Killed a large bag of meat
    45 | D        | Reached XP level 27. HP: 273/273 MP: 14/53
    47 | D        | Killed a large bag of meat
    51 | D        | Killed a large bag of meat
    52 | D        | Noticed a tyrant
    53 | D        | Noticed a tyrant
    58 | D        | Noticed an accursed
    59 | D        | Annihilated by a sculptor of flesh

Vault maps used:
D:        meatsprint

Skill      XL: |  1  2  3  4  5  6  7  8  9 10 11 12 13 14 15 16 17 18 19 20 21 22 23 |
---------------+----------------------------------------------------------------------+-----
Fighting       | 16 18 20 21 24 25 26 27 | 27.0
Throwing       | 5 6 7 8 9 10 12 20 27 | 27.0
Armour         | 5 6 7 8 9 10 11 13 23 27 | 27.0
Dodging        | 14 15 17 18 20 21 22 24 26 27 | 27.0
Unarmed Combat | 16 18 19 21 23 24 26 27 | 27.0
Spellcasting   | 15 16 18 20 22 23 24 25 27 | 27.0
Axes           | 7 11 13 17 19 21 25 27 | 27.0
Invocations    | 9 14 17 22 27 | 27.0
Stealth        | 18 27 | 27.0
Translocations | |  2.6

Action                   |  1- 3 |  4- 6 |  7- 9 | 10-12 | 13-15 | 16-18 | 19-21 | 22-24 | 25-27 || total
-------------------------+-------+-------+-------+-------+-------+-------+-------+-------+-------++-------
Melee: Executioner's axe |     1 |       |       |       |     3 |     3 |     2 |     5 |    12 ||    26
Invok: Greater Servant o |       |       |       |       |       |       |       |       |     1 ||     1
Armor: Leather armour    |       |       |       |       |       |       |       |     1 |       ||     1
Dodge: Dodged            |       |       |       |       |       |     2 |     2 |     1 |     2 ||     7

Table legend:
 A = Spawn XP
 B = Non-spawn XP
 C = Spawn XP percentage of total XP
 D = Spawn monster count
 E = Non-spawn monster count
 F = Spawn count percentage of total count
 G = Total turns spent on level
                    A         B        C        D         E        F      G
               +---------+---------+-------+---------+---------+-------+---------
         Total |       0 | 1552012 |   0.0 |       0 |      60 |   0.0 |    59
               +---------+---------+-------+---------+---------+-------+---------
             D |       0 | 1552012 |   0.0 |       0 |      60 |   0.0 |    59
               +---------+---------+-------+---------+---------+-------+---------
